AoeStats
← BOZO

Black Forest

510827698Analyzed
2v2 RM · 7h ago on Oct 2, 2026· 70m 7s· 4 players
Game mode
Random Map
Map size
Medium (4 player)
Population
200
Speed
Normal
Resources
Standard
Victory
Conquest
Starting age
Dark Age
Ending age
Imperial Age
RankedLock teamsTeams togetherTeam positionsShared explorationLock speedFull tech treeHidden civsTurbo modeCheats
Victory
Defeat
🇹🇷 Britons · Türkiye
790
+11
🇹🇷 Japanese · Türkiye
668
+16
🇳🇴 Britons · Norway
693
-14
🇦🇺 Khmer · Australia
661
-13
stappels98
10:47 Loom
12:35 Feudal Age
14:06 Wheelbarrow
13:45 Horse Collar
14:10 Double-Bit Axe
21:55 Castle Age
25:18 Bow Saw
26:04 Husbandry
28:30 Hand Cart
29:22 Bloodlines
33:25 Scale Barding Armor
33:31 Forging
35:41 Chain Barding Armor
35:57 Iron Casting
40:05 Imperial Age
40:14 Imperial Age
38:25 Gold Mining
38:28 Stone Mining
39:46 Ballistics
41:27 Double Crossbow
41:26 Elite Battle Elephant
42:35 Heavy Scorpion
45:27 Chemistry
46:47 Blast Furnace
46:26 Plate Barding Armor
54:25 Tusk Swords
54:48 Conscription
MCFARTFAST
12:21 Feudal Age
19:40 Castle Age
17:49 Double-Bit Axe
17:53 Horse Collar
18:24 Gold Mining
27:28 Padded Archer Armor
30:04 Elite Skirmisher
35:23 Husbandry
35:54 Fletching
36:06 Scale Mail Armor
36:11 Scale Barding Armor
36:33 Leather Archer Armor
43:22 Ballistics
48:52 Imperial Age
46:27 Stone Mining
46:39 Crossbowman
47:24 Bodkin Arrow
49:11 Loom
50:01 Wheelbarrow
49:40 Onager
50:43 Warwolf
50:43 Arbalester
57:32 Elite Longbowman
61:30 Light Cavalry
61:32 Cavalier
63:40 Heavy Plow
63:53 Bow Saw
64:22 Gold Shaft Mining
63:25 Man-at-Arms
63:50 Gambesons
64:06 Squires
63:52 Arson
66:39 Murder Holes
67:47 Chemistry
67:25 Pikeman
BOZO
0:28 Loom
11:24 Feudal Age
11:55 Double-Bit Axe
17:53 Fletching
18:18 Scale Mail Armor
20:26 Forging
20:22 Padded Archer Armor
22:00 Horse Collar
26:15 Castle Age
27:33 Wheelbarrow
26:45 Town Watch
26:54 Gold Mining
26:58 Stone Mining
27:23 Bow Saw
27:46 Bodkin Arrow
27:13 Elite Skirmisher
29:12 Leather Archer Armor
29:33 Iron Casting
29:02 Squires
34:37 Imperial Age
32:44 Treadmill Crane
33:31 Chain Mail Armor
38:36 Two-Man Saw
39:28 Ballistics
39:19 Masonry
40:10 Chemistry
39:22 Husbandry
39:46 Conscription
41:38 Gold Shaft Mining
42:24 Caravan
43:01 Hand Cart
45:10 Town Patrol
46:03 Architecture
45:55 Yeomen
46:09 Ring Archer Armor
46:50 Siege Engineers
46:30 Onager
47:32 Pikeman
47:45 Elite Longbowman
48:57 Heavy Plow
49:06 Bracer
50:06 Blast Furnace
49:12 Scale Barding Armor
49:03 Halberdier
51:34 Cavalier
52:48 Plate Mail Armor
52:39 Chain Barding Armor
55:51 Plate Barding Armor
55:55 Hoardings
icerali
12:02 Feudal Age
12:24 Horse Collar
13:20 Double-Bit Axe
14:14 Wheelbarrow
20:46 Stone Mining
21:03 Gold Mining
23:35 Castle Age
24:37 Hand Cart
24:35 Heavy Plow
24:49 Bow Saw
26:24 Gold Shaft Mining
31:11 Caravan
38:29 Imperial Age
37:18 Loom
42:42 Two-Man Saw
44:08 Elite Samurai
52:33 Light Cavalry
53:24 Bloodlines
53:18 Husbandry
52:39 Cavalier
Connection lost

Rejoining the realm…

Still unreachable

The connection could not be restored.

Session expired

The server has moved on; the page needs a fresh start.